 Dungeon Crawl Stone Soup version 0.17.1-3-g152610e (webtiles) character file.

375 Urist the Skirmisher (level 6, -1/52 HPs)
             Began as a Draconian Wanderer on Apr 7, 2016.
             Was a Follower of Nemelex Xobeh.
             Slain by a worm (10 damage)
             ... on level 3 of the Dungeon.
             The game lasted 00:12:49 (3089 turns).

Urist the Skirmisher (Draconian Wanderer)           Turns: 3089, Time: 00:12:49

Health: -1/52      AC:  6    Str: 16    XL:     6   Next: 44%
Magic:  7/7        EV: 12    Int: 14    God:    Nemelex Xobeh [*.....]
Gold:   53         SH:  0    Dex:  9    Spells: 0 memorised, 5 levels left

rFire  . . .     SeeInvis .     b - +1 quarterstaff
rCold  . . .     Clarity  .     (armour unavailable)
rNeg   . . .     SustAt   .     (shield currently unavailable)
rPois  .         Gourm    .     (helmet restricted)
rElec  .         Spirit   .     (no cloak)
rCorr  .         Warding  .     (no gloves)
rMut   .         Stasis   .     (no boots)
MR     .....                    (no amulet)
Stlth  ++........               (no ring)
                                (no ring)

@: about to teleport, very slightly contaminated, hasted, very quick, not
resistant to hostile enchantments, unstealthy
A: unfitting armour, cold-blooded, subdued magic 1, AC +6
a: Renounce Religion


You were on level 3 of the Dungeon.
You worshipped Nemelex Xobeh.
Nemelex Xobeh was aware of your devotion.
You were very hungry.

You visited 1 branch of the dungeon, and saw 3 of its levels.

You collected 144 gold pieces.

Inventory:

Hand Weapons
 a - a +2 short sword
 b - a +1 quarterstaff (weapon)
 d - a +0 dagger
Wands
 l - a wand of enslavement (0)
 o - a wand of paralysis (5)
Scrolls
 f - a scroll of noise
 h - 3 scrolls of remove curse
 k - 4 scrolls of identify
Potions
 c - a potion of curing
 g - 2 potions of cure mutation
Miscellaneous
 i - an ornate deck of destruction {drawn: 6}
Comestibles
 e - 3 bread rations
 m - 2 fruits
 p - a beef jerky
 r - a meat ration


   Skills:
 * Level 4.0 Fighting
 + Level 3.8 Short Blades
 + Level 1.0 Staves
 + Level 1.0 Throwing
 * Level 3.6 Dodging
 + Level 3.7 Stealth
 + Level 1.5 Evocations


You had 5 spell levels left.
You didn't know any spells.

Dungeon Overview and Level Annotations

Branches:
Dungeon (3/15)

Altars:
Ashenzari
Kikubaaqudgha
Nemelex Xobeh
Xom
The Shining One

Annotations:
D:3 Urist's ghost, amateur TrMo


Innate Abilities, Weirdness & Mutations

Your plain brown scales are hard (AC +6).
Your body does not fit into most forms of armour.
You are cold-blooded and may be slowed by cold attacks.
Your spells are a little easier to cast, but a little less powerful.


Message History

You tail-slap Urist's ghost, but do no damage.
Urist's ghost is severely damaged.
The orc hits you but does no damage. Urist's ghost barely misses you.
The orc barely misses you.
You closely miss Urist's ghost.
You tail-slap Urist's ghost, but do no damage.
Urist's ghost is severely damaged.
The orc closely misses you. The worm bites you!
* * * LOW HITPOINT WARNING * * *
Urist's ghost barely misses you.
Read which item? (? for menu, Esc to quit)
As you read the scroll of teleportation, it crumbles to dust.
You feel strangely unstable. The orc hits you with a dagger.
* * * LOW HITPOINT WARNING * * *
The orc hits you but does no damage. Urist's ghost completely misses you.
You closely miss the orc.
The orc is almost dead.
The orc closely misses you. The worm bites you!
You die...
Your body disappears without a glow.

#W# #...>....###. #.#
#....##†.# #.#
#.#)###..# #.#
#.#..##).#
#.#######.##.##..#
#............##..###.##
#########.#..##........
#.#.ooW......##
#....@w.....##
####...........
#........### #.##...###
#......# ########


You could see a worm, Urist's ghost and 2 orcs.

Vanquished Creatures
  Sigmund (D:2)
  An orc priest (D:3)
  2 orc wizards (D:3)
  A worker ant (D:3)
  5 adders
  2 oozes (D:1)
  A worm (D:2)
  4 orcs (D:3)
  2 giant cockroaches (D:1)
  3 goblins
  4 hobgoblins
  2 quokkas (D:3)
  A ball python (D:3)
  6 bats
  5 giant newts
  6 kobolds
  10 rats
56 creatures vanquished.

Vanquished Creatures (collateral kills)
  A naga (D:2)
  2 orcs (D:3)
  A ball python (D:2)
  A bat (D:2)
  A giant newt (D:2)
  A kobold (D:3)
  A rat (D:3)
8 creatures vanquished.

Vanquished Creatures (others)
  A big kobold (D:2)
  3 orcs (D:3)
4 creatures vanquished.

Grand Total: 68 creatures vanquished

Notes
Turn   | Place    | Note
--------------------------------------------------------------
     0 | D:1      | Urist the Draconian Wanderer began the quest for the Orb.
     0 | D:1      | Urist set off with: a +2 short sword, a +0 quarterstaff, a potion of curing, a +0 dagger, a bread ration
     0 | D:1      | Reached XP level 1. HP: 17/17 MP: 1/1
   119 | D:1      | Reached XP level 2. HP: 25/25 MP: 2/2
   808 | D:1      | Reached XP level 3. HP: 30/30 MP: 3/3
  1178 | D:2      | Found a shattered altar of Ashenzari.
  1287 | D:2      | Found an ancient bone altar of Kikubaaqudgha.
  1344 | D:2      | Noticed Sigmund
  1487 | D:2      | Found a sparkling altar of Nemelex Xobeh.
  1493 | D:2      | Became a worshipper of Nemelex Xobeh the Trickster
  1497 | D:2      | Noticed Firiud
  1527 | D:2      | Hired Tyuwn the big kobold for 91 gold.
  1527 | D:2      | Noticed Tyuwn
  1536 | D:2      | Tyuwn the big kobold (ally) was killed
  1536 | D:2      | Your ally Tyuwn died
  1573 | D:2      | Received a gift from Nemelex Xobeh
  1621 | D:2      | Found a glowing golden altar of the Shining One.
  1715 | D:2      | Gained mutation: You tend to lose your temper in combat. [helix card]
  1718 | D:2      | Lost mutation: You tend to lose your temper in combat. [helix card]
  1719 | D:2      | Gained mutation: Your spells are a little easier to cast, but a little less powerful. [helix card]
  1859 | D:2      | Killed Sigmund
  1859 | D:2      | Reached XP level 4. HP: 36/38 MP: 4/4
  1859 | D:2      | Reached XP level 5. HP: 42/45 MP: 5/5
  1881 | D:2      | Killed Firiud the naga
  2123 | D:3      | Reached skill level 1 in Evocations
  2167 | D:3      | Reached XP level 6. HP: 27/52 MP: 6/6
  2433 | D:3      | Reached * piety under Nemelex Xobeh
  2471 | D:3      | Reached skill level 1 in Staves
  2475 | D:3      | Reached skill level 4 in Fighting
  2729 | D:3      | Noticed Urist's ghost (amateur TrMo)
  2900 | D:3      | Found a shimmering altar of Xom.
  3089 | D:3      | Slain by a worm

Action                   |  1- 3 |  4- 6 || total
-------------------------+-------+-------++-------
Melee: Short sword       |    70 |       ||    70
       Quarterstaff      |    29 |    94 ||   123
Evoke: Deck              |    10 |     3 ||    13
       Wand              |     2 |     7 ||     9
  Use: Scroll            |    10 |     2 ||    12
       Potion            |       |     7 ||     7
 Stab: Sleeping          |     4 |     2 ||     6
  Eat: Chunk             |     3 |     3 ||     6
